 Dungeon Crawl Stone Soup version 0.23-a0-136-g722f094 (webtiles) character file.

1646 omnomnOMINOUS the Geomancer (level 9, -6/66 HPs)
             Began as a Formicid Earth Elementalist on Aug 29, 2018.
             Was an Initiate of Ru.
             Killed from afar by Pikel (17 damage)
             ... with a wand of acid (7)
             ... on level 7 of the Dungeon.
             The game lasted 00:27:23 (7501 turns).

omnomnOMINOUS the Geomancer (FoEE)                  Turns: 7501, Time: 00:27:28

Health: -6/66      AC: -1    Str: 12    XL:     9   Next: 19%
Magic:  0/16       EV: 13    Int: 21    God:    Ru [......]
Gold:   287        SH:  6    Dex: 11    Spells: 11/17 levels left

rFire    + . .     SeeInvis +   b - +4 quarterstaff (chaos)
rCold    . . .     Gourm    .   (no shield)
rNeg     . . .     Faith    .   A - +0 robe
rPois    .         Spirit   .   (helmet unavailable)
rElec    .         Reflect  +   B - +0 cloak
rCorr    .         Harm     .   (no gloves)
MR       .....                  t - +2 pair of boots
Stlth    ..........             i - +6 amulet of reflection
HPRegen  0.21/turn              p - ring of protection from fire
MPRegen  0.15/turn              J - +2 ring of intelligence

@: corroded
A: permanent stasis, dig shafts and tunnels, four strong arms, antennae 3, no
stealth
a: Dig, Shaft Self, Renounce Religion


You were on level 7 of the Dungeon.
You worshipped Ru.
Ru was noncommittal.
You were not hungry.

You visited 2 branches of the dungeon, and saw 8 of its levels.
You also visited: Sewer and Ossuary.

You collected 287 gold pieces.

Inventory:

Hand Weapons
 a - a +0 whip of venom
 b - a +4 quarterstaff of chaos (weapon)
 c - a +0 trident
 z - a +0 quarterstaff
Missiles
 k - 52 poisoned needles
 s - 179 stones (quivered)
 u - 7 curare-tipped needles
 v - 2 throwing nets
 w - 170 arrows
Armour
 l - a +0 buckler
 t - a +2 pair of boots (worn)
 x - the +4 ring mail of the Harvest {rPois Str+10 Slay-3 Stlth+}
   (You found it on level 7 of the Dungeon)

   It affects your strength (+10).
   It affects your accuracy and damage with ranged weapons and melee attacks
   (-3).
   It protects you from poison.
   It makes you more stealthy.
 A - a +0 robe (worn)
 B - a +0 cloak (worn)
Jewellery
 i - a +6 amulet of reflection (around neck)
 p - a ring of protection from fire (left hand)
 q - an uncursed ring of positive energy
 r - an uncursed amulet of magic regeneration
 y - an uncursed ring of positive energy
 J - a +2 ring of intelligence (right hand)
Wands
 n - a wand of disintegration (11)
Scrolls
 e - a scroll of fog {unknown}
 j - a scroll of enchant weapon {unknown}
 o - 2 scrolls of enchant armour
 F - 2 scrolls of amnesia {unknown}
 G - 3 scrolls of magic mapping {unknown}
 I - 3 scrolls of fear {unknown}
Potions
 f - a potion of lignification
 g - 4 potions of curing
 h - a potion of experience {unknown}
 m - 2 potions of ambrosia
 D - a potion of magic {unknown}
 E - 2 potions of cancellation {unknown}
 H - a potion of resistance {unknown}
Comestibles
 d - 9 rations
 C - 3 chunks of flesh


   Skills:
 + Level 4.7 Fighting
 + Level 4.6 Armour
 + Level 4.3 Dodging
 + Level 4.9 Spellcasting
 - Level 1.1 Transmutations
 * Level 8.6 Earth Magic


You had 11 spell levels left.
You knew the following spells:

 Your Spells              Type           Power        Failure   Level  Hunger
a - Sandblast             Erth           #####.       1%          1    None
b - Passwall              Tmut/Erth      ####....     2%          2    None
c - Stone Arrow           Conj/Erth      ###...       5%          3    ##.....

Your spell library contained the following spells:

 Spells                   Type           Power        Failure   Level  Hunger
 Lee's Rapid Deconstruct  Erth           #####.....   9%          5    #####..
 Petrify                  Tmut/Erth      ####....     14%         4    ####...


Dungeon Overview and Level Annotations

Branches:
Dungeon (7/15)             Temple (1/1) D:5

Altars:
Ashenzari
Dithmenos
Elyvilon
Fedhas
Gozag
Hepliaklqana
Kikubaaqudgha
Makhleb
Nemelex Xobeh
Okawaru
Qazlal
Ru
Sif Muna
Trog
Uskayaw
Vehumet
Wu Jian
Xom
Yredelemnul
Zin
The Shining One

Shops:
D:4 *   D:5 [

Annotations:
D:7 Pikel


Innate Abilities, Weirdness & Mutations

You cannot be hasted, slowed, berserked, paralysed or teleported.
You can dig through walls and to a lower floor.
Your four strong arms can wield two-handed weapons with a shield.
You have a pair of large antennae on your head. (SInv)
You cannot be stealthy.


Message History

Confirm with . or Enter, or press ? or * to list all spells.
Aiming: Sandblast (safe; 1% risk of failure)
Press: ? - help, Shift-Dir - straight line, f/p - Pikel
Aim: Pikel, wielding a whip of electrocution, wearing a runed robe and carrying The blast of sand misses Pikel.
s - 179 stones Pikel zaps a wand.
The bolt of acid hits you! The acid corrodes you!
You are splashed with acid!
The acid burns!
Unknown command.
You barely miss Pikel.
Pikel is almost dead.
Pikel closely misses you.
Unknown command.
You completely miss Pikel.
Pikel is almost dead.
Pikel zaps a wand.
The bolt of acid hits you! The acid corrodes you!
You are splashed with acid!
The acid burns!
* * * LOW HITPOINT WARNING * * *
Pikel zaps a wand.
The bolt of acid hits you!
You die...

###.[.[.[...# #...#.......#
###.##.#K#### #...#######.#
....##.#.# ###.# .# ###.##[#.#
#.# #.##.#.# #.# #....#.#####
#.# ♣ ####.###.....# #.#######
♣ .....# ###.#######........ ♣
####.# #.....K@......... ♣
.....# ################# ♣
.....# # ####.# ###
#.##########################..
#...........[...[............#
##############################


You could see Pikel.

Vanquished Creatures
  Joseph (D:7)
  A wraith (Ossuary)
  3 slaves (D:7)
  2 phantoms
  A necrophage (D:5)
  A crocodile (Sewer)
  4 scorpions
  3 hounds
  Crazy Yiuf (D:7)
  A centaur skeleton (D:6)
  A bullfrog skeleton (D:4)
  5 orc wizards
  2 worker ants (D:4)
  A hound skeleton (D:7)
  A mummy (Ossuary)
  A worker ant zombie (D:5)
  A howler monkey skeleton (D:5)
  A gnoll (D:1)
  7 adders
  2 river rats (D:5)
  An ooze (D:4)
  A worm (D:2)
  4 leopard geckos
  17 orcs
  3 giant cockroaches
  8 goblins
  11 hobgoblins
  14 jackals
  10 kobolds
  A quokka (D:3)
  8 bats
  7 frilled lizards
  7 gnoll skeletons (Ossuary)
  6 kobold skeletons (Ossuary)
  A leopard gecko zombie (D:6)
  12 orc skeletons (Ossuary)
  10 rats
161 creatures vanquished.

Notes
Turn   | Place    | Note
-------+----------+-------------------------------------------
     0 | D:1      | omnomnOMINOUS the Formicid Earth Elementalist began the
                  | quest for the Orb.
     0 | D:1      | Reached XP level 1. HP: 13/13 MP: 3/3
   451 | D:1      | Reached XP level 2. HP: 20/20 MP: 3/5
   606 | D:2      | Reached skill level 4 in Earth Magic
   707 | D:2      | Reached skill level 1 in Fighting
   707 | D:2      | Reached XP level 3. HP: 23/26 MP: 0/6
   799 | D:2      | Found a stormy altar of Qazlal.
   820 | D:2      | Reached skill level 1 in Armour
  1299 | D:1      | Reached XP level 4. HP: 32/32 MP: 5/7
  1862 | D:1      | Learned a level 2 spell: Passwall
  1866 | D:1      | Learned a level 3 spell: Stone Arrow
  2121 | D:2      | Found an iron altar of Okawaru.
  2121 | D:2      | Found a white marble altar of Elyvilon.
  2273 | D:3      | Reached XP level 5. HP: 38/38 MP: 4/9
  3014 | D:4      | Reached skill level 5 in Earth Magic
  3308 | D:4      | Reached XP level 6. HP: 24/44 MP: 4/10
  4311 | D:4      | Reached skill level 6 in Earth Magic
  4311 | D:4      | Reached XP level 7. HP: 46/51 MP: 5/12
  4410 | D:4      | Found Utsi's Assorted Antiques.
  4539 | D:5      | Entered Level 5 of the Dungeon
  4554 | D:5      | Found Kiogussu's Armour Boutique.
  4559 | D:5      | Found a staircase to the Ecumenical Temple.
  4568 | Temple   | Entered the Ecumenical Temple
  4813 | Temple   | Became a worshipper of Ru the Awakened
  5130 | D:5      | Found a glowing drain.
  5134 | Sewer    | Entered a sewer
  5454 | D:5      | Reached XP level 8. HP: 58/58 MP: 0/13
  5593 | D:5      | Reached skill level 7 in Earth Magic
  6069 | D:6      | Gained mutation: You cannot be stealthy. [Ru sacrifice]
  6667 | D:7      | Got a shimmering ring mail
  6681 | D:7      | Identified the +4 ring mail of the Harvest {rPois Str+10
                  | Slay-3 Stlth+} (You found it on level 7 of the Dungeon)
  6711 | D:7      | Noticed Joseph
  6723 | D:7      | Killed Joseph
  6723 | D:7      | Reached skill level 8 in Earth Magic
  6944 | D:7      | Reached XP level 9. HP: 49/66 MP: 5/16
  7002 | D:7      | Found a runed door.
  7006 | D:7      | Noticed Crazy Yiuf
  7008 | D:7      | Killed Crazy Yiuf
  7105 | D:7      | Found a sand-covered staircase.
  7119 | Ossuary  | Entered an ossuary
  7455 | D:7      | Noticed Pikel
  7501 | D:7      | Killed from afar by Pikel

Vault maps used:
D:1:      eino_arrival_water_cross, corexii_hall_statues_s
D:2:      grunt_qazlal_sundering, gammafunk_temple_overflow_statue
D:4:      serial_shops, shop, first_ration, minmay_goblin_kobold_house
D:5:      minmay_temple_entry_large_hall, gup_sewer_entry_bowl, serial_shops,
          kennysheep_mini_moat, minmay_misc_feat_square
D:7:      enter_ossuary_1, uniq_crazy_yiuf_cottage, uniq_pikel, uniq_joseph
Temple:   dpeg_five_rooms_temple
Sewer:    sewer_the_crocodile
Ossuary:  ossuary_due_mausoleum

Skill      XL: |  1  2  3  4  5  6  7  8 |
---------------+-------------------------+-----
Earth Magic    | 4 5 6 8 |  8.6
Dodging        | 2 3 4 |  4.3
Fighting       | 1 2 3 4 |  4.7
Armour         | 1 2 3 4 |  4.6
Spellcasting   | 3 4 |  4.9
Stealth        | 0 |  0.0
Transmutations | |  1.1

Action                   |  1- 3 |  4- 6 |  7- 9 || total
-------------------------+-------+-------+-------++-------
Melee: Unarmed           |    68 |    32 |       ||   100
       Trident           |       |    55 |    73 ||   128
       Spear             |       |     2 |       ||     2
       Whip              |       |       |    23 ||    23
       Quarterstaff      |       |       |    44 ||    44
 Cast: Sandblast         |    33 |    88 |    84 ||   205
       Stone Arrow       |       |     1 |    16 ||    17
Invok: Sacrifice Stealth |       |       |     1 ||     1
  Use: Scroll            |       |     4 |     4 ||     8
       Potion            |       |       |     1 ||     1
 Stab: Sleeping          |     1 |     2 |     2 ||     5
       Paralysed         |       |       |     2 ||     2
  Eat: Chunk             |     2 |     9 |    12 ||    23
Armor: Robe              |    15 |    13 |    42 ||    70
Dodge: Dodged            |    60 |    66 |   114 ||   240
Block: Other             |    13 |    28 |    52 ||    93
       Reflection        |       |       |     1 ||     1

Table legend:
 A = Non-vault XP
 B = Vault XP
 C = Vault XP percentage of total XP
 D = Non-vault monster count
 E = Vault monster count
 F = Vault count percentage of total count
                 A         B        C        D         E       F
            +---------+---------+-------+---------+---------+-------
      Total |    1453 |     899 |  38.2 |     118 |      40 |  25.3
            +---------+---------+-------+---------+---------+-------
        D:1 |      58 |       0 |   0.0 |      29 |       0 |   0.0
        D:2 |      62 |       0 |   0.0 |      21 |       0 |   0.0
        D:3 |      52 |       0 |   0.0 |      16 |       0 |   0.0
        D:4 |     520 |       2 |   0.4 |      24 |       1 |   4.0
        D:5 |     392 |      30 |   7.1 |      13 |       4 |  23.5
        D:6 |     144 |       0 |   0.0 |       8 |       0 |   0.0
        D:7 |     225 |     512 |  69.5 |       7 |       2 |  22.2
      Sewer |       0 |     115 | 100.0 |       0 |       6 | 100.0
    Ossuary |       0 |     240 | 100.0 |       0 |      27 | 100.0
            +---------+---------+-------+---------+---------+-------
